 Dungeon Crawl Stone Soup version 0.26.0-7-g794d0892b4 (webtiles) character file.

Game seed: 15044601492632094902

2655 pkoi the Cleaver (level 9, -7/78 HPs)
             Began as a Minotaur Gladiator on Jan 12, 2021.
             Was a Believer of Nemelex Xobeh.
             Mangled by a wolf spider zombie (9 damage)
             ... on level 7 of the Dungeon.
             The game lasted 00:07:34 (6474 turns).

pkoi the Cleaver (Minotaur Gladiator)               Turns: 6474, Time: 00:07:34

Health: -7/78      AC: 11    Str: 22    XL:     9   Next: 36%
Magic:  11/11      EV: 13    Int:  5    God:    Nemelex Xobeh [**....]
Gold:   380        SH:  0    Dex: 12    Spells: 8/8 levels left

rFire    . . .     SeeInvis .   a - +0 war axe
rCold    . . .     Faith    .   (no shield)
rNeg     + . .     Spirit   .   E - +0 troll leather armour {Purgy}
rPois    .         Reflect  .   c - +1 hat
rElec    .         Harm     .   H - +0 cloak
rCorr    .         Rampage  .   (no gloves)
Will     .....                  (no boots)
Stlth    +.........             (no amulet)
HPRegen  0.63/turn              p - +4 ring of protection
MPRegen  0.12/turn              s - ring of positive energy

@: no status effects
A: retaliatory headbutt, horns 2
a: Renounce Religion, Draw Escape, Draw Destruction, Draw Summoning


You were on level 7 of the Dungeon.
You worshipped Nemelex Xobeh.
Nemelex Xobeh was pleased with you.
You visited 1 branch of the dungeon, and saw 7 of its levels.
You also visited: Sewer.

You collected 380 gold pieces.

Inventory:

Hand Weapons
 a - a +0 war axe (weapon)
Missiles
 d - 5 throwing nets (quivered)
 y - 13 poisoned darts
Armour
 c - a +1 hat (worn)
 E - a +0 troll leather armour (worn) {Purgy}
 H - a +0 cloak (worn)
Jewellery
 p - a +4 ring of protection (left hand)
 s - a ring of positive energy (right hand)
 t - an uncursed ring of fire
 u - an uncursed ring of stealth {unknown}
 F - an uncursed ring of willpower {unknown}
Wands
 G - a wand of flame (20)
Scrolls
 e - a scroll of enchant armour
 f - 3 scrolls of remove curse
 k - 13 scrolls of identify
 o - 2 scrolls of teleportation
 r - a scroll of fog
Potions
 b - a potion of experience {unknown}
 g - 2 potions of might {unknown}
 h - 3 potions of heal wounds {unknown}
 i - a potion of haste {unknown}
 j - 2 potions of resistance {unknown}
 l - 3 potions of flight {unknown}
 m - a potion of mutation
 n - 2 potions of lignification {unknown}
 q - 3 potions of curing {unknown}
 v - a potion of berserk rage {unknown}
 B - 2 potions of invisibility {unknown}
 C - 2 potions of degeneration {unknown}


   Skills:
 + Level 6.9 Fighting
 * Level 11.0 Axes
 - Level 2.0 Throwing
 + Level 6.2 Armour
 - Level 3.2 Dodging
 + Level 5.2 Invocations


You had 8 spell levels left.
You didn't know any spells.
Your spell library contained the following spells:

 Spells                   Type           Power        Failure   Level
 Corona                   Hex            0%           52%         1
 Magic Dart               Conj           0%           52%         1
 Blink                    Tloc           N/A          67%         2
 Call Imp                 Summ           0%           67%         2
 Ensorcelled Hibernation  Hex/Ice        0%           67%         2
 Slow                     Hex            0%           67%         2
 Confusing Touch          Hex            0%           88%         3
 Conjure Flame            Conj/Fire      0%           88%         3
 Dazzling Flash           Conj/Hex       0%           88%         3
 Mephitic Cloud           Conj/Pois/Air  0%           88%         3
 Tukima's Dance           Hex            0%           88%         3


Dungeon Overview and Level Annotations

Branches:
Dungeon (7/15)             Temple (0/1) D:5           Sewer (visited)

Altars:
Cheibriados
Gozag
Makhleb
Nemelex Xobeh

Shops:
D:7 [

Annotations:
D:2 Sigmund


Innate Abilities, Weirdness & Mutations

You reflexively headbutt those who attack you in melee.
You have a pair of horns on your head.


Message History

The hellwing hits you.
* * * LOW HITPOINT WARNING * * *
The centaur warrior zombie hits you but does no damage.
Unknown command.
You draw a card...
You have drawn the Cloud.
Clouds appear around you!
The centaur warrior skeleton hits you but does no damage.
The shadow imp picks up a beetle and eats it.
The shadow imp hits you but does no damage.
The centaur warrior zombie barely misses you.
You furiously retaliate!
You headbutt the centaur warrior zombie.
The centaur warrior zombie hits you but does no damage.
The hellwing barely misses you. The hellwing closely misses you.
The centaur warrior skeleton hits you but does no damage.
The centaur warrior zombie hits you but does no damage.
The wolf spider zombie hits you!
* * * LOW HITPOINT WARNING * * *
The wolf spider zombie bites you!
You die...
Your body glows slightly and disappears.

,,,,,,,,,,* **,,**8,8,8,,,,,,
,,,,,,,,,** #####...#....,,,∩,,,,
*,,,,,,,** ##............8,,,,888
***,,,,** ##...........P..8,,8,,,
****,* ##..........4.....,8,,,,
** *,**#^................8,8,,,
,** *,**......§§§§§.......,,,,8,
,,****,,,......§ZZ4§.......,,,,,,
,,,,**,,,......§@5ZZ.....##,,****
,,,,*,,*,......§§Z§§.......,** *
,,,,*,***......§§§§§....##***** *
,,,,*,* *...............# *,***
,,,,,,* *...............## **_,≈*
,,,,,** *#...........>...# *8,,,+
,,,,,* #...............##**_,≈*
,,,,,* #........≈.......#**,***
***,** *#...............#,****,


You could see a hellwing, a shadow imp, a wolf spider zombie, 2 centaur warrior
zombies and a centaur warrior skeleton.

Vanquished Creatures
  Eustachio (D:4)
  A wyvern (D:6)
  Purgy (Sewer)
  A water moccasin (D:6)
  2 black bears (D:6)
  2 hornet zombies
  An ice beast (D:5)
  A sky beast (D:7)
  A phantom (D:5)
  2 centaurs (D:5)
  A bullfrog (D:6)
  A wyvern zombie (D:6)
  A water moccasin zombie (D:5)
  A scorpion (D:5)
  2 centaur zombies
  A quasit (D:6)
  2 bullfrog skeletons
  4 hounds
  A jelly (D:6)
  Crazy Yiuf (D:6)
  3 iguanas
  2 orc wizards
  4 worker ants
  Natasha (thrice) (D:4)
  A hound zombie (D:5)
  A hound skeleton (D:6)
  4 gnolls
  3 river rats (D:5)
  5 adders
  2 shadow imps
  2 white imps (D:6)
  An ooze (D:1)
  3 worms
  A dart slug (D:1)
  2 leopard geckos
  7 orcs
  4 giant cockroaches
  6 goblins
  6 hobgoblins
  4 jackals (D:3)
  3 quokkas
  A ball python (D:2)
  11 bats
  3 frilled lizards (D:2)
  13 kobolds
  A leopard gecko skeleton (D:4)
  11 rats
135 creatures vanquished.

Vanquished Creatures (others)
  A plant (D:7)
  A withered plant (D:7)
2 creatures vanquished.

Grand Total: 137 creatures vanquished

Notes
Turn   | Place    | Note
-------+----------+-------------------------------------------
     0 | D:1      | pkoi the Minotaur Gladiator began the quest for the Orb.
     0 | D:1      | Reached XP level 1. HP: 18/18 MP: 0/0
   145 | D:1      | Reached skill level 4 in Axes
   222 | D:1      | Reached XP level 2. HP: 24/25 MP: 1/1
   738 | D:2      | Reached skill level 5 in Axes
   738 | D:2      | Reached XP level 3. HP: 14/30 MP: 2/2
   923 | D:2      | Noticed Sigmund
  1123 | D:2      | Reached skill level 6 in Axes
  1123 | D:2      | Reached XP level 4. HP: 25/37 MP: 3/3
  1874 | D:3      | Found a sparkling altar of Nemelex Xobeh.
  1904 | D:3      | Became a worshipper of Nemelex Xobeh the Trickster
  2178 | D:3      | Found a faded altar of an unknown god.
  2994 | D:3      | Reached skill level 1 in Armour
  2994 | D:3      | Reached skill level 1 in Invocations
  2994 | D:3      | Reached XP level 5. HP: 26/44 MP: 4/4
  3536 | D:4      | Noticed Natasha
  3540 | D:4      | Killed Natasha
  3588 | D:4      | Reached skill level 7 in Axes
  3588 | D:4      | Reached XP level 6. HP: 46/51 MP: 6/6
  3669 | D:4      | Noticed Natasha
  3672 | D:4      | Killed Natasha
  3771 | D:4      | Noticed Natasha
  3776 | D:4      | Killed Natasha
  3891 | D:4      | Noticed Eustachio
  3906 | D:4      | Killed Eustachio
  3907 | D:4      | Reached XP level 7. HP: 52/59 MP: 7/7
  4130 | D:4      | Reached * piety under Nemelex Xobeh
  4130 | D:4      | Received a gift from Nemelex Xobeh
  4371 | D:5      | Entered Level 5 of the Dungeon
  4419 | D:5      | Reached skill level 8 in Axes
  4477 | D:5      | Found a glowing drain.
  4517 | Sewer    | Entered a sewer
  4716 | Sewer    | Noticed Purgy
  4728 | Sewer    | Killed Purgy
  4994 | D:5      | Reached XP level 8. HP: 20/67 MP: 9/9
  4996 | D:5      | Reached skill level 5 in Fighting
  5142 | D:5      | Reached skill level 9 in Axes
  5306 | D:5      | Found a staircase to the Ecumenical Temple.
  5622 | D:6      | Reached skill level 5 in Armour
  5735 | D:6      | Found a runed translucent door.
  5736 | D:6      | Noticed Crazy Yiuf
  5774 | D:6      | Found a snail-covered altar of Cheibriados.
  5797 | D:6      | Reached ** piety under Nemelex Xobeh
  5810 | D:6      | Found a burning altar of Makhleb.
  5908 | D:6      | Found an opulent altar of Gozag.
  5954 | D:6      | Reached skill level 10 in Axes
  6114 | D:6      | Reached XP level 9. HP: 75/75 MP: 11/11
  6255 | D:6      | Received a gift from Nemelex Xobeh
  6352 | D:6      | Killed Crazy Yiuf
  6426 | D:7      | Found Zuonel's Antique Armour Shop.
  6456 | D:7      | Noticed a hellwing
  6468 | D:7      | Reached skill level 5 in Invocations
  6469 | D:7      | Noticed a hellwing
  6472 | D:7      | Reached skill level 11 in Axes
  6474 | D:7      | HP: 2/78 [wolf spider zombie (15)]
  6474 | D:7      | Mangled by a wolf spider zombie

Illustrated notes

Levels and vault maps discovered:
D:1:      mrwooster_arrival_arrow, layout_loops_cross
D:2:      layout_basic, uniq_sigmund
D:3:      layout_basic, nicolae_overflow_crystal_walls,
          chequers_ecumenical_altar_twisty
D:4:      layout_cave_pods, uniq_eustachio, uniq_natasha
D:5:      layout_loops_ring, minmay_temple_entry_poolview, portal_sewer_entry_b
D:6:      minmay_general_purpose_star, layout_basic, lemuel_crystal_altar,
          cheibriados_altar_1, grunt_gozag_statues, uniq_crazy_yiuf_cottage
D:7:      cheibrodos_grave_circle, layout_cave_pods, lemuel_crystal_altar,
          gammafunk_temple_overflow_statue, serial_shops, shop, shop,
          nicolae_shop_stone, serial_bayou_pond_a, st_stairs_14

Skill      XL: |  1  2  3  4  5  6  7  8  9 |
---------------+----------------------------+-----
Axes           | 4 5 6 7 8 10 11 | 11.0
Armour         | 1 2 4 5 6 |  6.2
Invocations    | 1 2 3 4 5 |  5.2
Fighting       | 3 4 6 |  6.9
Throwing       | |  2.0
Dodging        | |  3.2

Action                   |  1- 3 |  4- 6 |  7- 9 || total
-------------------------+-------+-------+-------++-------
Melee: War axe           |    49 |   126 |   211 ||   386
       Headbutt          |    10 |    16 |    41 ||    67
Invok: Draw Destruction  |       |       |     3 ||     3
       Draw Escape       |       |       |     1 ||     1
  Use: Scroll            |       |       |    10 ||    10
 Stab: Sleeping          |       |     1 |       ||     1
Armor: Leather armour    |     7 |    46 |    28 ||    81
       Troll leather arm |       |       |   101 ||   101
Dodge: Dodged            |    40 |   116 |   187 ||   343
